 Dungeon Crawl Stone Soup version 0.30.0-11-gf55b779eaf (webtiles) character file.

Game seed: 4863604599520738701

26387 PoweredByGinger the Cleaver (level 13, 0/85 HPs)
             Began as a Gargoyle Berserker on May 16, 2023.
             Was a High Priest of Trog.
             Slain by a hell knight
             ... wielding a +0 flail of flaming
              (1 damage)
             ... in a volcano.
             The game lasted 00:26:27 (16987 turns).

PoweredByGinger the Cleaver (Gargoyle Berserker)   Turns: 16987, Time: 00:26:28

Health: 0/85       AC: 25    Str: 27    XL:     13   Next: 25%
Magic:  13/13      EV: 18    Int:  7    God:    Trog [*****.]
Gold:   754        SH:  0    Dex:  9    Spells: 12/12 levels left

rFire   . . .        o - +0 war axe
rCold   . . .        (no shield)
rNeg    + . .        G - +1 scale mail {rPois}
rPois   ∞            K - +1 hat {Will+}
rElec   +            P - +2 cloak
rCorr   +            v - +0 pair of gloves
SInv    .            (no boots)
Will    +++..        c - amulet of faith Stlth
                     m - ring of resist corrosion
HPRegen 1.34/turn    D - +5 ring of evasion
MPRegen 0.13/turn

%: faith
@: about to teleport, strong-willed, regenerating, hasted, very quick
A: sickness immunity, AC +9, negative energy resistance 1, electricity
resistance, torment resistance 1, petrification resistance, fangs 1, subdued
magic 1, noise suppression
a: Renounce Religion, Berserk, Trog's Hand, Brothers in Arms


You were in a volcano.
You worshipped Trog.
Trog was extremely pleased with you.
You visited 2 branches of the dungeon, and saw 15 of its levels.
You also visited: Volcano.

You collected 754 gold pieces.

Inventory:

Hand Weapons
 b - a +0 demon whip of venom
 o - a +0 war axe (weapon)
 J - a +0 flail
Missiles
 w - 2 throwing nets (quivered)
 E - 7 atropa-tipped darts
 L - 18 poisoned darts
Armour
 k - a +0 helmet
 v - a +0 pair of gloves (worn)
 G - a +1 scale mail of poison resistance (worn)
 K - a +1 hat of willpower (worn)
 P - a +2 cloak (worn)
Jewellery
 a - a ring of see invisible
 c - an amulet of faith (around neck)
 m - a ring of resist corrosion (left hand)
 D - a +5 ring of evasion (right hand)
Wands
 h - a wand of mindburst (6)
 s - a wand of iceblast (10)
 C - a wand of polymorph (10)
 I - a wand of charming (12)
 Q - a wand of flame (4)
 U - a wand of light (11)
Scrolls
 e - a scroll of amnesia {unknown}
 j - 2 scrolls of enchant weapon
 l - 2 scrolls of blinking
 n - 2 scrolls of teleportation
 q - 2 scrolls of fear
 u - 2 scrolls of torment
 x - 3 scrolls of butterflies
 y - 8 scrolls of fog
 z - 4 scrolls of vulnerability
 H - a scroll of poison
 N - 2 scrolls of enchant armour
 V - a scroll of brand weapon {unknown}
Potions
 d - 2 potions of haste
 i - 6 potions of curing
 p - 3 potions of cancellation
 r - 2 potions of flight
 t - 3 potions of berserk rage
 A - a potion of brilliance
 B - 2 potions of mutation
 F - 2 potions of ambrosia
 M - a potion of lignification {unknown}
 O - 4 potions of heal wounds
 R - 2 potions of might
 S - a potion of resistance {unknown}
 W - a potion of attraction {unknown}


   Skills:
 + Level 11.8 Fighting
 * Level 13.5 Axes
 - Level 10.6 Armour
 - Level 11.0 Dodging


You had 12 spell levels left.
You didn't know any spells.
Your spell library was empty.

Dungeon Overview and Level Annotations

Branches:
Dungeon (11/15)            Temple (0/1) D:5            Lair (4/5) D:9
 Shoals (0/4) Lair:3       Spider (0/4) Lair:2        Slime (0/5) Lair:4
Volcano (1/1)
    Orc: D:9-12

Altars:
Dithmenos
Fedhas
Hepliaklqana
Kikubaaqudgha
Nemelex Xobeh
Uskayaw
Yredelemnul
Zin

Annotations:
D:10 Psyche


Innate Abilities, Weirdness & Mutations

You are immune to sickness and miasma.
Your stone body is resilient. (AC +9)
You are immune to poison.
You resist negative energy. (rN+)
You are resistant to electric shocks. (rElec)
You are resistant to unholy torment.
You are immune to petrification.
You have very sharp teeth.
Your spells are a little easier to cast, but a little less powerful.
You passively dampen the noise of your surroundings.


Message History

The centaur closely misses you. The centaur misses you.
The hell knight utters an invocation to its god.
The hell knight seems to speed up.
Unknown command.
Your ogre goes berserk!
The centaur barely misses you.
The centaur kicks you but does no damage.
The centaur completely misses you. The centaur closely misses you.
Unknown command.
Unknown command.
Unknown command.
Your ogre closely misses the hell knight.
The hell knight barely misses your ogre.
Unknown command.
The hell knight hits your ogre with a +0 flail of flaming!
The hell knight burns your ogre.
Your ogre hits the hell knight with a +0 giant club!!
The hell knight hits your ogre with a +0 flail of flaming!!
The hell knight burns your ogre!
Your ogre dies!
Your ogre's corpse disappears in a puff of smoke!
Unknown command.
Okay, then.
You feel yourself speed up.
Unknown command.
The hell knight attacks as you move away!
The hell knight closely misses you.
As you read the scroll of teleportation, it crumbles to dust.
You feel strangely unstable.
The hell knight hits you but does no damage.
The hell knight hits you with a +0 flail of flaming!!
* * * LOW HITPOINT WARNING * * *
The hell knight burns you!
* * * LOW HITPOINT WARNING * * *
Unknown command.
The hell knight attacks as you move away!
The hell knight hits you with a +0 flail of flaming!
* * * LOW HITPOINT WARNING * * *
The hell knight burns you.
You die...

#...≈≈≈≈§§....##
##§..≈≈§§§§§....#
#§§≈≈≈≈≈≈§§§....#
..§§≈§≈§≈§≈≈≈≈..##
..≈§≈≈≈≈≈§≈§§≈...#
§§≈≈≈≈§§≈§§≈≈§≈≈.#
≈§≈≈≈§§§≈≈≈≈≈§≈≈c#
≈≈≈≈≈≈§≈≈≈≈≈§≈≈≈p#
≈≈≈§≈§§≈≈≈≈≈≈≈≈≈@#
§§§§≈≈≈≈§§≈≈≈≈≈≈.#
§§§§§§≈≈≈≈≈≈≈≈≈.##
§≈≈§§≈≈§≈§≈§§≈.#
§§≈≈§≈≈≈§≈§§§≈.#
≈§≈≈○≈≈§§§≈§§..#
≈≈≈§≈§≈§≈≈§§≈.#
≈≈§≈§§≈≈≈§§§..#
≈§§≈≈§☼§≈≈≈...#


You could see a hell knight (fast) and a centaur.

Vanquished Creatures
  Gastronok (D:10)
  A boulder beetle (D:11)
  A two-headed ogre (D:9)
  Amaemon (D:10)
  A cyclops (D:11)
  9 elephants
  An orange demon (D:10)
  2 black mambas
  6 cane toads
  A yaktaur (Volcano)
  2 rime drakes
  A merfolk (Lair:3)
  2 trolls
  2 hornets (D:9)
  Grinder (D:3)
  3 polar bears
  3 wyverns
  2 wraiths (D:10)
  34 yaks
  Grum (D:10)
  6 fire bats (Volcano)
  3 basilisks
  A steam dragon (D:10)
  Menkaure (D:7)
  Edmund (D:5)
  2 hell hounds (Lair:4)
  11 water moccasins
  Duvessa (D:6)
  An acid dragon (D:10)
  2 orc warriors
  3 black bears
  An ice beast (D:7)
  13 wolves
  2 sky beasts
  3 centaurs
  2 phantoms (D:5)
  2 kobold brigands (D:8)
  11 bullfrogs
  A gnoll sergeant (D:9)
  3 scorpions
  Dowan (D:6)
  24 killer bees
  2 howler monkeys (D:10)
  4 electric eels
  7 lava snakes (Volcano)
  9 hounds
  2 jellies
  An orc priest (D:8)
  2 gnoll boudas
  3 iguanas
  11 orc wizards
  A sleepcap (D:4)
  Natasha (thrice) (D:3)
  13 gnolls
  10 adders
  A shadow imp (D:6)
  3 worms
  2 dart slugs
  27 orcs
  3 endoplasms
  7 giant cockroaches
  7 goblins
  3 hobgoblins
  10 jackals
  A quokka (D:3)
  9 ball pythons
  11 bats
  5 frilled lizards
  15 kobolds
  7 rats
349 creatures vanquished.

Notes
Turn   | Place    | Note
-------+----------+-------------------------------------------
     0 | D:1      | PoweredByGinger the Gargoyle Berserker began the quest for
                  | the Orb.
     0 | D:1      | Reached XP level 1. HP: 14/14 MP: 1/1
   241 | D:1      | Reached XP level 2. HP: 19/19 MP: 2/2
   519 | D:1      | Reached skill level 3 in Axes
   792 | D:1      | Reached ** piety under Trog
  1026 | D:2      | Reached XP level 3. HP: 23/23 MP: 3/3
  1211 | D:2      | Found a faded altar of an unknown god.
  1582 | D:2      | Reached XP level 4. HP: 27/29 MP: 4/4
  1639 | D:2      | Found a glowing silver altar of Zin.
  1650 | D:2      | You fall into a shaft and drop 2 floors!
  1895 | D:4      | Found an ancient bone altar of Kikubaaqudgha.
  1940 | D:4      | Reached XP level 5. HP: 33/33 MP: 5/5
  1945 | D:4      | Reached *** piety under Trog
  1946 | D:4      | Reached skill level 4 in Axes
  2477 | D:5      | Entered Level 5 of the Dungeon
  2530 | D:5      | Found a shadowy altar of Dithmenos.
  2557 | D:5      | Noticed a phantom
  2579 | D:5      | Killed a phantom
  2580 | D:5      | Reached XP level 6. HP: 39/39 MP: 6/6
  2641 | D:5      | Noticed an orc warrior
  2839 | D:5      | Reached XP level 7. HP: 44/44 MP: 7/7
  2851 | D:5      | Reached skill level 5 in Axes
  2860 | D:5      | Reached skill level 5 in Fighting
  3049 | D:5      | Found a staircase to the Ecumenical Temple.
  3141 | D:5      | Reached XP level 8. HP: 43/50 MP: 8/8
  3451 | D:6      | Noticed Dowan
  3451 | D:6      | Noticed Duvessa
  3457 | D:6      | Reached skill level 6 in Axes
  3457 | D:6      | Reached skill level 5 in Armour
  3459 | D:6      | Killed Dowan
  3467 | D:6      | Killed Duvessa
  3987 | D:7      | Noticed Menkaure
  3996 | D:7      | Killed Menkaure
  4117 | D:7      | Reached skill level 5 in Dodging
  4117 | D:7      | Reached **** piety under Trog
  4121 | D:7      | Reached skill level 7 in Axes
  4121 | D:7      | Reached XP level 9. HP: 56/56 MP: 9/9
  4542 | D:7      | Found a hide-covered altar of Uskayaw.
  5174 | D:8      | Found a sparkling altar of Nemelex Xobeh.
  5528 | D:8      | Reached skill level 8 in Axes
  5685 | D:8      | HP: 2/57 [killer bee (6)]
  6564 | D:8      | Reached XP level 10. HP: 63/63 MP: 10/10
  6961 | D:9      | Reached skill level 9 in Axes
  7688 | D:9      | Noticed a two-headed ogre
  7976 | D:9      | Killed a two-headed ogre
  8242 | D:9      | Found a staircase to the Lair.
  8846 | D:9      | Reached skill level 10 in Axes
  8846 | D:9      | Reached XP level 11. HP: 69/69 MP: 11/11
  9184 | D:10     | Entered Level 10 of the Dungeon
  9279 | D:10     | Found a basalt altar of Yredelemnul.
  9300 | D:10     | Found a hazy altar of Hepliaklqana.
  9511 | D:10     | Noticed Amaemon
  9526 | D:10     | Killed Amaemon
  9546 | D:10     | Noticed Gastronok
  9689 | D:10     | Killed Gastronok
  9978 | D:10     | Found a blossoming altar of Fedhas.
 10161 | D:3      | Noticed Natasha
 10171 | D:3      | Killed Natasha
 10368 | D:3      | Noticed Natasha
 10376 | D:3      | Killed Natasha
 10498 | D:3      | Noticed Grinder
 10498 | D:3      | Noticed Natasha
 10510 | D:3      | Killed Natasha
 10518 | D:3      | Killed Grinder
 11239 | D:5      | Noticed Edmund
 11251 | D:5      | Killed Edmund
 11364 | D:10     | Noticed Psyche
 11514 | D:10     | Noticed Grum
 11754 | D:10     | Reached skill level 11 in Axes
 11813 | D:10     | Killed Grum
 12163 | D:10     | Upgraded the game from 0.30.0-10-gfe55d96785 to
                  | 0.30.0-11-gf55b779eaf
 12194 | D:11     | Noticed a boulder beetle
 12194 | D:11     | Noticed a cyclops
 12201 | D:11     | Killed a cyclops
 12216 | D:11     | Killed a boulder beetle
 12313 | Lair:1   | Entered Level 1 of the Lair of Beasts
 12604 | Lair:1   | Reached XP level 12. HP: 77/77 MP: 12/12
 12700 | Lair:1   | Reached skill level 10 in Fighting
 12848 | Lair:1   | Reached skill level 10 in Dodging
 13024 | Lair:1   | Reached ***** piety under Trog
 13724 | Lair:2   | Reached skill level 10 in Armour
 13827 | Lair:1   | Reached skill level 12 in Axes
 14178 | Lair:2   | Found a hole to the Spider Nest.
 15424 | Lair:3   | Reached XP level 13. HP: 84/84 MP: 13/13
 15558 | Lair:3   | Gained mutation: Your spells are a little easier to cast,
                  | but a little less powerful. [potion of mutation]
 15558 | Lair:3   | Gained mutation: You passively dampen the noise of your
                  | surroundings. [potion of mutation]
 15558 | Lair:3   | Gained mutation: You have very sharp teeth. [potion of
                  | mutation]
 15703 | Lair:3   | Reached skill level 13 in Axes
 15829 | Lair:3   | Found a staircase to the Shoals.
 16216 | Lair:4   | Found a dark tunnel.
 16276 | Volcano  | Entered a volcano
 16987 | Volcano  | HP: 1/85 [hell knight/+0 flail of flaming (9)]
 16987 | Volcano  | Slain by a hell knight

Illustrated notes

Levels and vault maps discovered:
D:1:      minmay_arrival_open_corners, layout_basic
D:2:      layout_basic, ebering_ecumenical_altar_mist, basic_altar
D:3:      kennysheep_big_flooded_room, layout_basic, uniq_grinder, uniq_natasha
D:4:      layout_cave_pools, kiku_gazebo_pond_becter
D:5:      layout_cave_pools, mainiacjoe_overflow_concentric_impassable,
          minmay_temple_entry_statues_pillars, st_stairs_3, minmay_manual_mail,
          uniq_edmund
D:6:      layout_loops_cross, uniq_duvessa
D:7:      layout_rooms, mainiacjoe_overflow_boulevard, grunt_decor_one_mirror,
          minmay_misc_feat_four_crosses, uniq_menkaure
D:8:      layout_loops_corners, nemelex_spade_bored_becter
D:9:      layout_irregular_city, erik_lair_island, grunt_ministairs_10,
          minmay_misc_feat_plants, hangedman_glass_teeth
D:10:     layout_irregular_city, nicolae_overflow_hidden_temple,
          nicolae_hepliaklqana_hazy_memory, uniq_psyche, uniq_grum,
          uniq_gastronok, uniq_amaemon
D:11:     layout_loops_ring, minmay_orc_entry_guard_dogs, serial_shops,
          nicolae_shop_rolled_up, uniq_nergalle
Lair:1:   layout_long_grid, eino_small_chamber_without_monster,
          serial_bayou_ford_a
Lair:2:   layout_big_grid, dummy_spider_entry, nicolae_lair_lil_pond,
          st_stairs_4, grunt_megastairs_2
Lair:3:   layout_hall_layers, elwin_shoals_entry_rooms
Lair:4:   layout_roguey, minmay_slime_entry_pillars, gammafunk_ghost_grave,
          enter_volcano_3, infiniplex_staircase_pool, grunt_megastairs_1
Volcano:  volcano_grotto [vgs_dualism]

Skill      XL: |  1  2  3  4  5  6  7  8  9 10 11 12 13 |
---------------+----------------------------------------+-----
Axes           | 3 4 5 7 8 10 11 12 13 | 13.5
Dodging        | 2 3 5 6 8 9 11 | 11.0
Armour         | 3 4 5 7 8 9 10 | 10.6
Fighting       | 4 5 6 7 8 9 11 | 11.8

Action                     |  1- 3 |  4- 6 |  7- 9 | 10-12 | 13-15 || total
---------------------------+-------+-------+-------+-------+-------++-------
  Melee: Hand axe          |   124 |   123 |       |       |       ||   247
         War axe           |       |     8 |   305 |   789 |   154 ||  1256
         Punch             |       |     1 |     3 |    20 |     4 ||    28
         Bite              |       |       |       |       |    14 ||    14
  Throw: Throwing net      |       |       |     2 |     1 |       ||     3
         Dart              |       |       |       |     3 |       ||     3
 Invoke: Berserk           |     1 |     5 |    13 |    26 |     4 ||    49
         Trog's Hand       |       |       |     3 |     2 |     2 ||     7
         Brothers in Arms  |       |       |       |       |     1 ||     1
  Evoke: Wand              |       |       |       |     4 |       ||     4
    Use: Scroll            |       |       |    13 |     4 |     8 ||    25
         Potion            |       |       |     2 |     1 |     2 ||     5
 Armour: Animal skin       |     8 |       |       |       |       ||     8
         Leather armour    |    65 |    57 |   155 |    87 |       ||   364
         Scale mail        |       |       |       |   263 |    64 ||   327
  Dodge: Dodged            |    87 |    65 |   266 |   687 |   164 ||  1269
